 Dungeon Crawl Stone Soup version 0.31-a0-233-g139696dc86 (webtiles) character file.

Game seed: 14370626173122320686

638 qw the Shooter (level 7, -12/59 HPs)
             Began as a Minotaur Hexslinger on July 7, 2023.
             Was an Initiate of Okawaru.
             Mangled by an ogre
             ... wielding a +0 giant club
              (24 damage)
             ... on level 5 of the Dungeon.
             The game lasted 00:01:42 (3929 turns).

qw the Shooter (Minotaur Hexslinger)                Turns: 3929, Time: 00:01:42

Health: -12/59     AC:  6    Str: 12    XL:     7   Next: 25%
Magic:  7/7        EV: 11    Int: 10    God:    Okawaru [......]
Gold:   213        SH:  0    Dex: 15    Spells: 7/8 levels left

rFire   . . .        Y - +2 sling
rCold   . . .        (no shield)
rNeg    . . .        j - +0 ring mail
rPois   .            (helmet restricted)
rElec   .            (no cloak)
rCorr   .            (no gloves)
SInv    +            m - +0 pair of boots
Will    +....        k - amulet of faith
Stlth   +            a - ring of see invisible
HPRegen 0.29/turn    b - ring of willpower
MPRegen 0.10/turn

%: faith
@: no status effects
A: horns 2, retaliatory headbutt
a: Renounce Religion


You were on level 5 of the Dungeon.
You worshipped Okawaru.
Okawaru was noncommittal.
You visited 1 branch of the dungeon, and saw 5 of its levels.

You collected 213 gold pieces.


Innate Abilities, Weirdness & Mutations

You have a pair of horns on your head.
You reflexively headbutt those who attack you in melee.


   Skills:
 - Level 4.0 Fighting
 + Level 7.9 Ranged Weapons
 - Level 1.2 Armour
 - Level 2.1 Dodging
 - Level 1.0 Spellcasting
 - Level 2.0 Hexes
 - Level 1.0 Invocations


You had 7 spell levels left.
You knew the following spells:

 Your Spells              Type           Power      Damage    Failure   Level
a - Slow                  Hex            16%        N/A       34%         1

Your spell library contained the following spells:

 Spells                   Type           Power      Damage    Failure   Level
 Inner Flame              Hex/Fire       2%         N/A       83%         3
 Portal Projectile        Hex/Tloc       4%         N/A       83%         3
 Cause Fear               Hex            2%         N/A       98%         4

Inventory:

Hand Weapons
 Y - a +2 sling (weapon)
Armour
 j - a +0 ring mail (worn)
 m - a +0 pair of boots (worn)
Jewellery
 a - a ring of see invisible (left hand)
 b - a ring of willpower (right hand)
 c - a ring of fire
 i - an amulet of the acrobat
 k - an amulet of faith (around neck)
Scrolls
 h - a scroll of identify
Potions
 e - a potion of mutation {unknown}
 f - a potion of degeneration {unknown}
 g - a potion of resistance {unknown}
 l - a potion of ambrosia {unknown}

Dungeon Overview and Level Annotations

Branches:
Dungeon (5/15)
 Temple: D:4-7

Altars:
Okawaru
Xom
Zin

Shops:
D:2 :

Annotations:
D:5 2 transporters, qw's ghost, novice GrFi


Message History

Enter note:
Enter note:
Things that are here:
a +1 falchion of holy wrath; an orc corpse
Enter note:
Enter note:
Things that are here:
a +0 trident; a +0 ring mail
Things that are here:
a +0 flail; a +0 ring mail; an orc corpse An ogre comes into view.
It is wielding a +0 giant club.
Found a mace.
The ogre shouts!
Enter note:
Enter note: You shoot a sling bullet.
The sling bullet hits the ogre.
The ogre is moderately wounded.
A hound comes into view.
You shoot a sling bullet. The hound barks!
The sling bullet hits the ogre but does no damage.
The ogre is lightly wounded.
You shoot a sling bullet.
The sling bullet closely misses the ogre.
The ogre hits you with a +0 giant club!
You shoot a sling bullet.
The sling bullet hits the ogre but does no damage.
The ogre is lightly wounded.
You shoot a sling bullet. The sling bullet hits the ogre.
The ogre is moderately wounded.
The ogre hits you with a +0 giant club!!
You shoot a sling bullet. The sling bullet hits the ogre.
The ogre is heavily wounded.
The ogre hits you with a +0 giant club!
You shoot a sling bullet.
The sling bullet closely misses the ogre.
The sling bullet hits the hound.
The hound is lightly wounded.
The ogre hits you with a +0 giant club!!
You die...

.####........#.# .#
...............# .#
.............. #.##
........77..# ##..##
........7...# #....#
..........#.#####...#####
.7......##....#.........
777....###....).....#
........@###...#)....#
.#######O# ######)).##
.h. ##.## ##..# #...#
.... #...# ..... #...# #
...... #...# #
#.)...#####>..#####
.............


You could see an ogre and a hound.

Vanquished Creatures
  An ogre (D:4)
  A scorpion (D:5)
  A howler monkey (D:4)
  2 hounds (D:5)
  A gnoll bouda (D:4)
  Natasha (thrice) (D:4)
  2 iguanas (D:5)
  A sleepcap (D:5)
  2 orc wizards
  2 adders
  4 gnolls (D:4)
  An ufetubus (D:5)
  2 worms
  4 dart slugs
  11 orcs
  7 bats
  3 endoplasms
  4 giant cockroaches
  10 goblins
  2 hobgoblins
  3 jackals (D:3)
  7 kobolds
  3 quokkas
  9 ball pythons
  5 frilled lizards
  6 rats
97 creatures vanquished.

Notes
Turn   | Place    | Note
-------+----------+-------------------------------------------
     0 | D:1      | qw the Minotaur Hexslinger began the quest for the Orb.
     0 | D:1      | Reached XP level 1. HP: 16/16 MP: 1/1
     0 | D:1      | 0 ||| qw: Version: 0.3-a-46-gb1f654a
     0 | D:1      | 0 ||| qw: Game counter: 3037
     0 | D:1      | 0 ||| qw: Melee chars always use a shield: true
     0 | D:1      | 0 ||| qw: God list: Okawaru
     0 | D:1      | 0 ||| qw: Allow faded altars: false
     0 | D:1      | 0 ||| qw: Do Orc after clearing Dungeon:15 true
     0 | D:1      | 0 ||| qw: Do second Lair branch before Depths: true
     0 | D:1      | 0 ||| qw: Lair rune preference: random
     0 | D:1      | 0 ||| qw: Goals: Normal
     0 | D:1      | 0 ||| PLANNING D:1-11
   306 | D:1      | Reached skill level 3 in Ranged Weapons
   356 | D:1      | Reached XP level 2. HP: 23/23 MP: 2/2
   625 | D:1      | 625 ||| UPGRADING to +0 ring mail.
   635 | D:1      | 635 ||| DROPPING +0 robe.
   636 | D:1      | 636 ||| READING scroll labelled MAIGEY GITOGI.
   637 | D:1      | 637 ||| READING scroll labelled XOUCRU LIABRUHISCH.
   638 | D:1      | 638 ||| READING scroll labelled TOOFUEVVIU.
   639 | D:1      | 639 ||| DROPPING scroll of poison.
   708 | D:2      | HP: 6/24 [worm (4)]
   812 | D:2      | Found a glowing silver altar of Zin.
  1033 | D:2      | Reached XP level 3. HP: 29/29 MP: 3/3
  1197 | D:2      | Found Meygompafu's Vocational Training.
  1343 | D:2      | 1343 ||| UPGRADING to amulet of faith.
  1348 | D:2      | 1348 ||| UPGRADING to ring of see invisible.
  1349 | D:2      | 1349 ||| READING scroll labelled BUTTO COBBA ZIC.
  1352 | D:2      | 1352 ||| READING scroll labelled YBATRI QAASURITH.
  1453 | D:2      | 1453 ||| READING scroll labelled HESTRIY ANNAGYK.
  1454 | D:2      | 1454 ||| READING scroll labelled QEUHYTW UCORPH.
  1749 | D:3      | 1749 ||| FLEEEEING.
  1750 | D:3      | 1750 ||| STAIRDANCE
  1763 | D:2      | 1763 ||| UPGRADING to ring of willpower.
  1764 | D:2      | 1764 ||| READING scroll labelled AQEZUEC CEUKH.
  1765 | D:2      | 1765 ||| DRINKING 2 metallic blue potions.
  1772 | D:3      | Reached skill level 4 in Ranged Weapons
  1797 | D:3      | Reached skill level 1 in Armour
  2034 | D:3      | Reached XP level 4. HP: 23/36 MP: 4/4
  2097 | D:3      | Found an iron altar of Okawaru.
  2098 | D:3      | 2098 ||| PLANNING OKAWARU WORSHIP
  2100 | D:3      | 2100 ||| READING scroll labelled CAUNES TUPYS.
  2108 | D:3      | Became a worshipper of Warmaster Okawaru
  2109 | D:3      | 2109 ||| PLANNING D:1-11
  2232 | D:3      | 2232 ||| FLEEEEING.
  2632 | D:4      | Reached skill level 5 in Ranged Weapons
  2641 | D:4      | Reached skill level 3 in Fighting
  2641 | D:4      | Reached XP level 5. HP: 27/45 MP: 5/5
  2671 | D:4      | Noticed an ogre
  2675 | D:4      | Killed an ogre
  2676 | D:4      | Reached skill level 6 in Ranged Weapons
  2741 | D:4      | Identified the +4 falchion of True Grit {flame, rElec rN+
                  | rCorr Str+4}
  2745 | D:4      | Noticed Natasha
  2746 | D:4      | Reached XP level 6. HP: 52/52 MP: 6/6
  2756 | D:4      | Killed Natasha
  2756 | D:4      | Reached * piety under Okawaru
  2760 | D:4      | 2760 ||| INVOKING Heroism.
  2863 | D:4      | 2863 ||| FLEEEEING.
  3043 | D:4      | HP: 13/52 [gnoll/+0 halberd[a gnoll bouda] (13)]
  3044 | D:4      | 3044 ||| DRINKING 2 potions of heal wounds.
  3114 | D:4      | Noticed Natasha
  3115 | D:4      | 3115 ||| INVOKING Heroism.
  3124 | D:4      | Killed Natasha
  3149 | D:4      | Noticed Natasha
  3160 | D:4      | Killed Natasha
  3199 | D:4      | Found a shimmering altar of Xom.
  3339 | D:4      | 3339 ||| UPGRADING to +0 pair of boots.
  3371 | D:5      | Entered Level 5 of the Dungeon
  3377 | D:5      | Found a transporter.
  3391 | D:5      | 3391 ||| INVOKING Heroism.
  3395 | D:5      | Reached skill level 7 in Ranged Weapons
  3405 | D:5      | 3405 ||| FLEEEEING.
  3409 | D:5      | 3409 ||| STAIRDANCE
  3519 | D:5      | Noticed qw's ghost (novice GrFi)
  3524 | D:5      | Found a transporter.
  3534 | D:5      | Reached XP level 7. HP: 59/59 MP: 7/7
  3564 | D:5      | 3564 ||| FLEEEEING.
  3565 | D:5      | 3565 ||| FLEEEEING.
  3566 | D:5      | 3566 ||| FLEEEEING.
  3567 | D:5      | 3567 ||| FLEEEEING.
  3568 | D:5      | 3568 ||| FLEEEEING.
  3569 | D:5      | 3569 ||| FLEEEEING.
  3570 | D:5      | 3570 ||| FLEEEEING.
  3571 | D:5      | 3571 ||| FLEEEEING.
  3572 | D:5      | 3572 ||| FLEEEEING.
  3573 | D:5      | 3573 ||| FLEEEEING.
  3574 | D:5      | 3574 ||| FLEEEEING.
  3575 | D:5      | 3575 ||| FLEEEEING.
  3576 | D:5      | 3576 ||| FLEEEEING.
  3577 | D:5      | 3577 ||| FLEEEEING.
  3578 | D:5      | 3578 ||| FLEEEEING.
  3580 | D:5      | 3580 ||| FLEEEEING.
  3581 | D:5      | 3581 ||| FLEEEEING.
  3582 | D:5      | 3582 ||| FLEEEEING.
  3583 | D:5      | 3583 ||| FLEEEEING.
  3584 | D:5      | 3584 ||| STAIRDANCE
  3624 | D:5      | 3624 ||| INVOKING Heroism.
  3625 | D:5      | 3625 ||| INVOKING Heroism.
  3735 | D:5      | 3735 ||| Stepping ~*~*~tactically~*~*~ (outnumbered).
  3743 | D:5      | 3743 ||| INVOKING Heroism.
  3747 | D:5      | HP: 14/59 [orc/+0 trident (3)]
  3748 | D:5      | 3748 ||| DRINKING potion of heal wounds.
  3753 | D:5      | Reached skill level 1 in Invocations
  3757 | D:5      | 3757 ||| INVOKING Heroism.
  3928 | D:5      | HP: 12/59 [ogre/+0 giant club (12)]
  3929 | D:5      | Mangled by an ogre

Levels and vault maps discovered:
D:1:      minmay_arrival_hallway, layout_loops_ring, minmay_tromino_v4_b
D:2:      layout_basic, basic_altar, hangedman_decor_growths,
          nicolae_shop_vocational
D:3:      layout_loops_corners, nicolae_overflow_crystal_walls
D:4:      layout_rooms, general_overflow_altar, uniq_natasha
D:5:      layout_loops_cross, temple_pool_b, gammafunk_ghost_arena,
          kennysheep_decorative_pillar

Skill      XL: |  1  2  3  4  5  6  7 |
---------------+----------------------+-----
Ranged Weapons | 3 4 5 6 7 |  7.9
Fighting       | 2 3 4 |  4.0
Armour         | 1 |  1.2
Invocations    | 1 |  1.0
Dodging        | |  2.1
Spellcasting   | |  1.0
Hexes          | |  2.0

Action                     |  1- 3 |  4- 6 |  7- 9 || total
---------------------------+-------+-------+-------++-------
   Fire: Sling             |   158 |   182 |    51 ||   391
 Invoke: Heroism           |       |     3 |     3 ||     6
    Use: Scroll            |     8 |     1 |       ||     9
         Potion            |     1 |     1 |     1 ||     3
 Armour: Robe              |     6 |       |       ||     6
         Ring mail         |    23 |    41 |    10 ||    74
  Dodge: Dodged            |    58 |    62 |    28 ||   148

Table legend:
 A = Non-vault XP
 B = Vault XP
 C = Vault XP percentage of total XP
 D = Non-vault monster count
 E = Vault monster count
 F = Vault count percentage of total count
                 A         B        C        D         E       F
            +---------+---------+-------+---------+---------+-------
      Total |     873 |      39 |   4.3 |      94 |       3 |   3.1
            +---------+---------+-------+---------+---------+-------
        D:1 |      14 |       2 |  12.5 |       9 |       2 |  18.2
        D:2 |      30 |       0 |   0.0 |      17 |       0 |   0.0
        D:3 |     101 |       0 |   0.0 |      29 |       0 |   0.0
        D:4 |     401 |      37 |   8.4 |      27 |       1 |   3.6
        D:5 |     327 |       0 |   0.0 |      12 |       0 |   0.0
            +---------+---------+-------+---------+---------+-------
